 Dungeon Crawl Stone Soup version 0.24-a0-411-g4df2b1290f (webtiles) character file.

Game seed: 1381436425677991107

107 Gargoyl the Skirmisher (level 4, -2/42 HPs)
             Began as a Centaur Abyssal Knight on June 6, 2019.
             Was a Believer of Lugonu.
             Killed by divine providence
             ... invoked by an orc priest
              (17 damage)
             ... on level 2 of the Dungeon.
             The game lasted 00:03:09 (1805 turns).

Gargoyl the Skirmisher (Centaur Abyssal Knight)     Turns: 1805, Time: 00:03:10

Health: -2/42      AC:  6    Str: 14    XL:     4   Next: 56%
Magic:  6/6        EV:  8    Int: 11    God:    Lugonu [**....]
Gold:   137        SH:  0    Dex: 10    Spells: 3/3 levels left

rFire    . . .     SeeInvis .   a - +1 hand axe
rCold    . . .     Gourm    .   (no shield)
rNeg     . . .     Faith    .   d - +0 ring mail
rPois    .         Spirit   .   (helmet restricted)
rElec    .         Reflect  .   (no cloak)
rCorr    +         Harm     .   (no gloves)
MR       .....                  (no barding)
Stlth    ..........             (no amulet)
HPRegen  0.14/turn              e - ring of resist corrosion
MPRegen  0.10/turn              (no ring)

@: very quick
A: large, antennae 1, hooves 3, deformed body, speed 2, robust 1, tough skin 3
a: Depart the Abyss, Bend Space, Renounce Religion


You were on level 2 of the Dungeon.
You worshipped Lugonu.
Lugonu was pleased with you.
You were not hungry.

You visited 1 branch of the dungeon, and saw 2 of its levels.
You visited the Abyss 1 time.

You collected 137 gold pieces.

Inventory:

Hand Weapons
 a - a +1 hand axe (weapon)
 g - a +0 war axe
Armour
 d - a +0 ring mail (worn)
Jewellery
 e - a ring of resist corrosion (left hand)
Scrolls
 k - a scroll of identify
Potions
 b - a potion of brilliance {unknown}
 h - a potion of degeneration {unknown}
Comestibles
 c - 3 rations
 f - 7 chunks of flesh


   Skills:
 + Level 3.6 Fighting
 + Level 2.5 Axes
 * Level 2.2 Armour
 * Level 1.3 Dodging
 * Level 2.7 Invocations


You had 3 spell levels left.
You didn't know any spells.
Your spell library was empty.

Dungeon Overview and Level Annotations

Branches:
Dungeon (2/15)

Altars:


Innate Abilities, Weirdness & Mutations

You have hooves in place of feet.
Armour fits poorly on your strangely shaped body.
You cover ground very quickly.
You have extremely tough skin. (AC +3)
You have a pair of small antennae on your head.
You are robust. (+10% HP)


Message History

Beogh smites you!
* * * LOW HITPOINT WARNING * * *
Unknown command.
The orc wizard mumbles some strange words.
The orc wizard blinks!
The orc priest hits you but does no damage.
The orc wizard gestures wildly while chanting.
The orc wizard blinks!
It was a potion of mutation.
You feel extremely strange.
You feel robust. A pair of antennae grows on your head!
The orc shouts!
It was a potion of curing.
You feel better.
A goblin comes into view. It is wielding a +0 short sword.
The orc wizard casts a spell.
The orc wizard seems to speed up.
The orc priest hits you but does no damage.
The orc priest casts a cantrip, but nothing happens.
The orc priest invokes the aid of Beogh against you.
Beogh smites you!
You die...

***#,#§#....)...# *,,,,,,,*
#o#.##.......#***,,**,*,***
*...........,,,,,,,,,***,,*
*##.#..o..####**#.#...*,*,***
#....o....o.# *.#..#,,,,,,*
*.#.......#.# *,....,,*,***
*,#.......#.# **#..###*,*
*,#..o.)..#.# #....,,,*
*,#.......#@# ####.###***
*,#.......#.## #......##**##
******,#.......#..###.......#*...
,,,*.,,#.......#......##.#..##...
,,,,..,##.....##......##.#..)....
,*,*...*##$⌠$###......##.#...#...
,*,**#..#######....##.##.#.)(#,..
,*,* *#........^##.##....(...####
**,* ####......##.#####(###.##..


You could see an orc priest.

Vanquished Creatures
  Jessica (D:2)
  A gnoll (D:1)
  2 adders (D:2)
  An ooze (D:1)
  A dart slug (D:2)
  2 leopard geckos
  2 orcs (D:2)
  2 giant cockroaches (D:1)
  8 goblins
  4 hobgoblins (D:1)
  4 jackals (D:2)
  2 bats
  8 kobolds
  5 rats
43 creatures vanquished.

Vanquished Creatures (others)
  6 starspawn tentacles (Abyss:1)
6 creatures vanquished.

Grand Total: 49 creatures vanquished

Notes
Turn   | Place    | Note
-------+----------+-------------------------------------------
     0 | Abyss:1  | Gargoyl the Centaur Abyssal Knight began the quest for the
                  | Orb.
     0 | Abyss:1  | Reached XP level 1. HP: 19/19 MP: 2/2
    34 | Abyss:1  | Noticed a tentacled starspawn
    61 | Abyss:2  | Noticed a ynoxinul
    71 | Abyss:2  | Noticed a small abomination
    73 | D:1      | Escaped the Abyss
   347 | D:1      | Reached * piety under Lugonu
   360 | D:1      | Reached XP level 2. HP: 9/26 MP: 3/3
   668 | D:1      | Reached skill level 1 in Dodging
   946 | D:1      | Reached XP level 3. HP: 31/31 MP: 4/4
  1554 | D:2      | Noticed Jessica
  1567 | D:2      | Reached ** piety under Lugonu
  1583 | D:2      | Reached XP level 4. HP: 34/38 MP: 5/5
  1587 | D:2      | Killed Jessica
  1798 | D:2      | Gained mutation: You are robust. (+10% HP) [potion of
                  | mutation]
  1798 | D:2      | Gained mutation: You have a pair of small antennae on your
                  | head. [potion of mutation]
  1805 | D:2      | Killed from afar by an orc priest

Levels and vault maps discovered:
D:1:      eino_arrival_tree_alley, layout_rooms, minmay_heptomino_h4
D:2:      cheibrodos_pilgrimage, layout_loops_cross, serial_bayou_pond_a,
          uniq_crazy_yiuf_cottage, uniq_jessica, uniq_natasha

Skill      XL: |  1  2  3 |
---------------+----------+-----
Axes           | 2 |  2.5
Dodging        | 1 |  1.3
Armour         | 2 |  2.2
Fighting       | |  3.6
Invocations    | |  2.7

Action                   |  1- 3 |  4- 6 || total
-------------------------+-------+-------++-------
Melee: Hand axe          |   104 |     6 ||   110
       Kick              |    20 |     2 ||    22
Invok: Depart the Abyss  |     1 |       ||     1
  Use: Scroll            |     4 |       ||     4
       Potion            |     1 |     2 ||     3
  Eat: Chunk             |       |     2 ||     2
Armor: Ring mail         |    55 |     1 ||    56
Dodge: Dodged            |    53 |     1 ||    54

Table legend:
 A = Non-vault XP
 B = Vault XP
 C = Vault XP percentage of total XP
 D = Non-vault monster count
 E = Vault monster count
 F = Vault count percentage of total count
                 A         B        C        D         E       F
            +---------+---------+-------+---------+---------+-------
      Total |     107 |      46 |  30.1 |      37 |       6 |  14.0
            +---------+---------+-------+---------+---------+-------
        D:1 |      57 |       6 |   9.5 |      24 |       4 |  14.3
        D:2 |      50 |      40 |  44.4 |      13 |       2 |  13.3
            +---------+---------+-------+---------+---------+-------
